Map: Redshift LE

Players

HIGUMA - Winner!

  • Race: Terran Terran
  • League: Platinum
  • Spawn Location: 7:00

mike

  • Race: Zerg Zerg
  • League: Platinum
  • Spawn Location: 11:00

VOD

Have the link to the VOD?

Description

Time

  • Played on: Aug. 13, 2018, 10:50 p.m.
  • Length: 13:27
Show
View Real Time Build Order
Export as new Build Order

HIGUMA Terran - Winner!

Build Orders:  

Get SALT Encoding   

  12  0:01  SCV  
  13  0:13  SCV  
  14  0:19  Supply Depot  
  14  0:26  SCV  
  15  0:29  Refinery  
  15  0:41  SCV  
  16  0:48  Barracks  
  16  0:53  SCV  
  17  1:05  SCV  
  18  1:17  SCV  
  20  1:36  Orbital Command  
  20  1:37  Reaper  
  20  1:50  Command Center  
  20  2:02  Supply Depot  
  20  2:04  SCV  
  21  2:15  Marine  
  22  2:18  Factory  
  22  2:21  SCV  
  23  2:41  Barracks Reactor  
  23  2:43  SCV  
  24  2:46  Refinery  
  24  2:54  Supply Depot  
  24  2:55  SCV  
  25  3:09  SCV  
  25  3:11  Starport  
  26  3:15  Orbital Command  
  26  3:22  SCV  
  27  3:27  Barracks Tech Lab  
  27  3:31  Hellion x2  
  31  3:39  SCV  
  32  3:45  Supply Depot  
  32  3:50  Medivac  
  32  3:53  Hellion x2, Marauder  
  40  3:55  Concussive Shells  
  40  3:59  Orbital Command  
  40  4:10  SCV  
  40  4:11  Armory  
  40  4:15  Supply Depot  
  41  4:20  Hellion x2  
  41  4:24  Marauder  
  47  4:30  Starport Reactor  
  47  4:40  Ghost Academy  
  47  4:45  SCV  
  47  4:46  SCV  
  49  4:56  Refinery  
  49  4:58  SCV x2  
  51  5:08  Supply Depot  
  51  5:13  SCV x2  
  50  5:18  Hellion  
  50  5:19  Hellion  
  50  5:21  Supply Depot  
  54  5:24  Ghost  
  54  5:25  SCV  
  57  5:37  Supply Depot  
  57  5:43  Supply Depot  
  53  6:02  Liberator x2  
  53  6:05  Hellbat x2  
  53  6:10  SCV x2  
  59  6:14  Supply Depot  
  59  6:17  Ghost  
  61  6:22  SCV x2  
  61  6:23  Supply Depot  
  69  6:27  Widow Mine x2  
  69  6:28  Refinery  
  73  6:34  SCV  
  73  6:36  Supply Depot  
  73  6:38  Barracks  
  74  6:44  Barracks  
  74  6:53  Widow Mine x2, SCV  
  79  7:16  Ghost  
  81  7:35  Liberator  
  81  7:36  Liberator  
  81  7:37  SCV x2  
  83  7:44  Hellion x2, Ghost  
  83  7:47  Barracks Tech Lab  
  89  7:52  Supply Depot x2  
  89  7:56  Barracks Tech Lab  
  95  8:06  Hellion  
  95  8:07  Ghost  
  99  8:13  Ghost  
  99  8:32  Widow Mine x2  
  101  8:35  Liberator  
  101  8:41  Liberator, Ghost  
  101  8:43  Ghost x2  
  107  8:49  Supply Depot  
  107  8:51  Supply Depot  
  107  8:54  Hellion x2  
  117  9:11  Marauder  
  117  9:12  Terran Vehicle Weapons Level 1, Marauder  
  117  9:15  Widow Mine x2  
  125  9:20  SCV x2  
  127  9:56  SCV x2  
  129  10:03  Widow Mine x2  
  133  10:08  SCV  
  133  10:11  Ghost, SCV  
  133  10:12  Ghost  
  139  10:25  Hellbat  
  139  10:26  Hellbat  
  140  10:29  SCV  
  140  10:33  Supply Depot  
  141  10:41  Command Center  
  141  10:50  Liberator x2  
  141  10:55  Hellion x2  
  145  10:59  Supply Depot  
  145  11:06  Marauder x3  
  157  11:17  Supply Depot  
  157  11:21  Widow Mine x2  
  161  11:26  Ghost x2  
  165  11:32  Command Center  
  165  11:41  Liberator x2  
  165  11:42  Widow Mine x2  
  169  11:53  SCV x2  
  171  11:56  Marauder x2  
  181  12:03  Hellion x2  
  185  12:10  Ghost  
  187  12:24  Liberator  
  187  12:25  Hellbat  
  189  12:31  Hellbat  
  176  12:51  Marauder x3  
  158  12:53  Hellbat x2  
Show
View Real Time Build Order
Export as new Build Order

mike Zerg 

Build Orders: Hatch First, Zergling Baneling 

Get SALT Encoding   

  12  0:09  Overlord  
  12  0:15  Drone  
  12  0:17  Drone  
  14  0:30  Drone  
  14  0:34  Drone  
  16  0:45  Drone  
  17  0:57  Hatchery  
  16  1:07  Spawning Pool  
  16  1:10  Drone  
  16  1:14  Drone  
  16  1:17  Extractor  
  16  1:30  Drone x2  
  18  1:40  Overlord  
  18  1:50  Drone  
  19  1:57  Queen  
  19  1:59  Drone  
  22  2:11  Drone x2  
  24  2:21  Overlord  
  24  2:25  Drone  
  25  2:34  Baneling Nest  
  24  2:37  Queen  
  24  2:38  Drone x2  
  24  2:41  Queen  
  30  2:45  Drone  
  31  3:01  Drone x3  
  31  3:04  Drone x2  
  36  3:15  Metabolic Boost  
  36  3:26  Spore Crawler  
  35  3:29  Spore Crawler  
  35  3:33  Overlord  
  34  3:44  Zergling x10  
  34  3:45  Zergling x4  
  34  3:46  Zergling x2  
  42  3:51  Zergling x2  
  43  4:00  Zergling x2  
  43  4:01  Zergling x4  
  46  4:09  Zergling x2  
  48  4:10  Zergling x2  
  48  4:28  Zergling x6  
  48  4:29  Zergling x2  
  52  4:35  Baneling  
  52  4:36  Baneling x10  
  52  4:39  Overlord x2  
  52  4:59  Hatchery  
  43  5:08  Zergling x4  
  43  5:09  Zergling x6  
  43  5:12  Zergling x4  
  44  5:14  Zergling x4  
  44  5:20  Zergling x2  
  47  5:26  Baneling x5  
  47  5:28  Zergling x2  
  48  5:40  Evolution Chamber  
  48  5:41  Evolution Chamber, Extractor, Drone  
  48  5:42  Drone x2  
  48  5:43  Zergling x2  
  45  6:00  Zergling x4  
  46  6:11  Zergling x4  
  46  6:12  Zergling x8  
  46  6:16  Zerg Melee Weapons Level 1  
  52  6:21  Queen  
  52  6:25  Baneling  
  54  6:26  Baneling x4  
  54  6:31  Extractor  
  53  6:33  Extractor  
  53  6:36  Baneling  
  53  6:37  Baneling  
  53  6:39  Drone x3  
  55  6:41  Drone x3  
  58  6:50  Drone x3  
  58  6:51  Drone x2  
  58  6:52  Drone  
  64  7:01  Drone x2  
  64  7:02  Drone x3  
  69  7:11  Baneling x4  
  69  7:12  Baneling  
  69  7:14  Overlord x4  
  69  7:28  Lair  
  69  7:30  Zerg Ground Armor Level 1  
  69  7:31  Overlord  
  69  7:47  Spore Crawler  
  68  7:53  Spore Crawler  
  68  7:54  Spore Crawler  
  68  7:57  Drone x2  
  68  7:58  Drone x5  
  71  7:59  Drone x5  
  71  8:04  Extractor  
  71  8:05  Extractor  
  76  8:33  Zergling x10  
  76  8:34  Zergling x10  
  79  8:35  Zergling x8  
  79  8:37  Baneling  
  79  8:38  Baneling x5  
  86  8:44  Zerg Melee Weapons Level 2  
  86  8:45  Infestation Pit  
  85  8:50  Drone x3  
  88  9:10  Spore Crawler  
  87  9:21  Spore Crawler  
  65  10:24  Drone x4  
  65  10:25  Drone x3  
  65  10:27  Baneling  
  65  10:28  Baneling x5  
  72  10:29  Baneling  
  72  10:38  Drone x3  
  72  10:42  Zerg Ground Armor Level 2  
  75  10:46  Hive  
  75  10:54  Drone x2  
  75  10:55  Drone x2  
  75  10:56  Drone  
  80  11:03  Drone x2  
  80  11:04  Drone x3  
  84  11:05  Zergling x2  
  84  11:06  Zergling x2  
  87  11:14  Queen  
  89  11:31  Zergling x4  
  89  11:32  Zergling x4  
  93  11:41  Centrifical Hooks  
  93  11:43  Zergling x10  
  98  12:09  Overseer  
  98  12:11  Overseer x2  
  98  12:12  Overlord  
  98  12:13  Overlord x2  
  94  12:39  Zergling x2  
  94  12:40  Zergling x10  
  94  12:41  Zergling x10  
  94  12:42  Zergling x8  
  94  12:43  Zergling x2  
  94  12:44  Zergling x4  
  76  12:58  Zergling x2  
Tags
 
Add a new tag
Caveats
  • Supply blocks, unpowered buildings, or Contaminate may cause inaccurate times.
  • Supply counts are checked every 10 seconds.